 Dungeon Crawl Stone Soup version 0.19-a0-958-gd69d43c (webtiles) character file.

1336 AlphabetPasta the Slicer (level 8, -5/54 HPs)
             Began as a Halfling Chaos Knight on July 11, 2016.
             Slain by a centaur (6 damage)
             ... on level 7 of the Dungeon.
             The game lasted 00:24:56 (5027 turns).

AlphabetPasta the Slicer (Halfling Chaos Knight)    Turns: 5027, Time: 00:24:57

Health: -5/54      AC:  2    Str: 17    XL:     8   Next: 92%
Magic:  10/10      EV: 17    Int: 11    God:    Xom [....*.]
Gold:   331        SH:  0    Dex: 18    Spells: 0 memorised, 7 levels left

rFire  . . .     SeeInvis .     a - +1 short sword (chaos)
rCold  . . .     Gourm    +     j - +0 robe
rNeg   . . .     Faith    .     (shield restricted)
rPois  .         Spirit   .     l - +0 helmet
rElec  .         Dismiss  .     (no cloak)
rCorr  .         Reflect  .     (no gloves)
SustAt +         Harm     .     (no boots)
MR     .....     Clarity  +     n - amulet of the gourmand
Stlth  +++++.....               (no ring)
                                i - ring of sustain attributes

@: mighty, not resistant to hostile enchantments, quite stealthy
A: camouflage 1, agile 1, clarity, deformed body, mutation resistance 1, sturdy
frame 1
a: Renounce Religion


You were on level 7 of the Dungeon.
You worshipped Xom.
You were a beloved toy of Xom.
You were completely stuffed.

You visited 1 branch of the dungeon, and saw 7 of its levels.

You collected 331 gold pieces.

Inventory:

Hand Weapons
 a - a +1 short sword of chaos (weapon)
 k - a +0 rapier
Missiles
 d - 100 sling bullets
Armour
 b - a +3 leather armour
 j - a +0 robe (worn)
 l - a +0 helmet (worn)
 x - a +0 cloak
Jewellery
 i - a ring of sustain attributes (left hand)
 n - an amulet of the gourmand (around neck)
 s - an uncursed ring of flight
Wands
 t - a wand of enslavement (0/24)
 w - a wand of paralysis (3/24)
Scrolls
 e - 2 scrolls of enchant armour
 f - 3 scrolls of blinking
 g - a scroll of enchant weapon
 h - 4 scrolls of identify
 m - 3 scrolls of teleportation
 o - a scroll of remove curse
 p - a scroll of magic mapping
 u - a scroll of amnesia
 y - a scroll of recharging
Potions
 q - a potion of might
Comestibles
 c - 6 bread rations
 v - a royal jelly
 z - 4 chunks of flesh
 A - 6 beef jerkies


   Skills:
 - Level 3.6 Fighting
 * Level 9.0 Short Blades
 - Level 2.1 Armour
 + Level 4.5 Dodging
 * Level 6.4 Stealth
 + Level 3.0 Evocations


You had 7 spell levels left.
You didn't know any spells.

Dungeon Overview and Level Annotations

Branches:
Dungeon (7/15)
 Temple: D:4-7

Altars:
Pakellas
Xom


Innate Abilities, Weirdness & Mutations

You are small and have problems with some larger weapons.
You are somewhat resistant to further mutation.
Your skin changes colour to match your surroundings (Stealth+).
You are agile. (Dex +2)
You possess an exceptional clarity of mind.
Armour fits poorly on your strangely shaped body.
Your movements are slightly less encumbered by armour. (ER -2)


Message History

Zapping:
t - a wand of enslavement {zapped: 11} (will waste charges)
Press: ? - help, Shift-Dir - straight line, f - centaur
Aim: a centaur (chance to defeat MR: 51%) Nothing appears to happen.
The centaur barely misses you. The centaur completely misses you.
Evoke which item? (* to show all) (? for menu, Esc to quit)
Zapping:
w - a wand of paralysis (5/24)
Press: ? - help, Shift-Dir - straight line, f/p - centaur
Aim: a centaur (chance to defeat MR: 51%)
The centaur resists with significant effort.
This wand has 4 charges left.
The centaur closely misses you.
Evoke which item? (* to show all) (? for menu, Esc to quit)
Zapping:
w - a wand of paralysis (4/24)
Press: ? - help, Shift-Dir - straight line, f/p - centaur
Aim: a centaur (chance to defeat MR: 51%)
The centaur resists with significant effort.
This wand has 3 charges left.
The centaur completely misses you. The centaur hits you.
You die...
Xom cackles wildly!

.....................
#####......#.#......
###.####!......... #...#
###........ ..####.####
###..##....
#.........###...###....
........................
......_....#<.c#####....
...........#.#@# .
.............#)#
#...._.#####.#.#######
.#....########.#.....#
..... #÷..##..#.....#
#÷§.##.....(..###
#.).##.(....>...#
#.###.###.....#. ##.###
#..<..#


You could see a centaur.

Vanquished Creatures
  A hungry ghost (D:6)
  A black bear (D:6)
  An ogre (D:7)
  A centaur (D:7)
  4 giant frogs (D:6)
  2 scorpions
  A crimson imp (D:5)
  3 hounds
  5 orc wizards
  Jessica (D:2)
  3 worker ants
  9 adders
  A shadow imp (D:7)
  An ooze (D:3)
  An adder skeleton (D:6)
  5 worms
  A dart slug (D:1)
  6 giant geckos
  11 orcs
  A ball python (D:4)
  4 giant cockroaches
  8 goblins
  6 hobgoblins
  6 kobolds
  4 quokkas
  7 bats
  3 giant newts
  2 quokka skeletons (D:4)
  7 rats
106 creatures vanquished.

Vanquished Creatures (collateral kills)
  An orc wizard (D:6)
  An orc (D:6)
2 creatures vanquished.

Vanquished Creatures (others)
  An orc wizard (D:7)
  A gnoll (D:1)
  An orc (D:6)
3 creatures vanquished.

Grand Total: 111 creatures vanquished

Notes
Turn   | Place    | Note
-------+----------+-------------------------------------------
     0 | D:1      | AlphabetPasta the Halfling Chaos Knight began the quest for the Orb.
     0 | D:1      | Reached XP level 1. HP: 15/15 MP: 1/1
   248 | D:1      | Reached XP level 2. HP: 20/20 MP: 2/2
   374 | D:1      | Reached skill level 1 in Stealth
   424 | D:1      | Reached XP level 3. HP: 23/25 MP: 3/3
   525 | D:1      | XOM: mild Fire miscast
   526 | D:1      | XOM: divination: detect items
   676 | D:2      | XOM: noise
   738 | D:2      | XOM: harmless Summ miscast
   744 | D:2      | Noticed Jessica
   750 | D:2      | Killed Jessica
   750 | D:2      | Reached skill level 5 in Short Blades
   750 | D:2      | Reached XP level 4. HP: 4/31 MP: 4/4
  1206 | D:2      | Reached XP level 5. HP: 34/36 MP: 5/5
  1600 | D:2      | Gained mutation: Armour fits poorly on your strangely shaped body. [potion of mutation]
  1600 | D:2      | Gained mutation: You are agile. (Dex +2) [potion of mutation]
  1777 | D:3      | XOM: scenery: create altars
  1838 | D:3      | XOM: harmless Tmut miscast
  1920 | D:3      | Reached skill level 6 in Short Blades
  2005 | D:3      | XOM: smoke on damage
  2149 | D:3      | XOM: divination: magic mapping
  2264 | D:3      | XOM: silly message
  2433 | D:4      | XOM: god gift: 23 gold pieces
  2442 | D:4      | XOM: cast spell 'Hydra Form'
  2468 | D:4      | Reached XP level 6. HP: 37/42 MP: 6/6
  2745 | D:4      | Found an oddly glowing altar of Pakellas.
  2871 | D:4      | XOM: enchant monster (bad)
  3188 | D:5      | XOM: noise
  3188 | D:5      | Entered Level 5 of the Dungeon
  3333 | D:5      | XOM: divination: detect creatures
  3778 | D:6      | Noticed a black bear
  3803 | D:6      | Killed a black bear
  3803 | D:6      | Reached skill level 7 in Short Blades
  3803 | D:6      | Reached XP level 7. HP: 18/47 MP: 7/7
  3809 | D:6      | Reached skill level 1 in Evocations
  3948 | D:6      | Noticed a hungry ghost
  3953 | D:6      | XOM: divination: detect creatures
  3963 | D:6      | XOM: noise
  3970 | D:6      | Killed a hungry ghost
  3982 | D:6      | XOM: harmless Necr miscast
  3990 | D:6      | XOM: potion effect (heal wounds)
  4046 | D:6      | Reached XP level 8. HP: 54/54 MP: 9/9
  4194 | D:6      | Reached skill level 8 in Short Blades
  4194 | D:6      | Reached skill level 5 in Stealth
  4234 | D:6      | XOM: divination: magic mapping
  4424 | D:4      | XOM: give mutations
  4424 | D:4      | Gained mutation: Your skin changes colour to match your surroundings (Stealth+). [Xom's grace]
  4424 | D:4      | Gained mutation: Your movements are slightly less encumbered by armour. (ER -2) [Xom's grace]
  4424 | D:4      | Gained mutation: You possess an exceptional clarity of mind. [Xom's grace]
  4553 | D:6      | XOM: confuse monster(s)
  4820 | D:7      | XOM: scenery: create altars
  5016 | D:7      | Reached skill level 9 in Short Blades
  5023 | D:7      | Xom revived you
  5024 | D:7      | HP: 1/54 [centaur (7)]
  5027 | D:7      | Slain by a centaur

Vault maps used:
D:1:      eino_arrival_cavern_b, minmay_misc_feat_cross
D:2:      first_bread, uniq_jessica
D:4:      grunt_pakellas_sulfur
D:7:      lemuel_coloured_pillars_altar, grunt_ogre_cave, uniq_pikel

Skill      XL: |  1  2  3  4  5  6  7  8 |
---------------+-------------------------+-----
Stealth        | 1 2 3 4 6 |  6.4
Fighting       | 3 |  3.6
Short Blades   | 5 6 7 9 |  9.0
Dodging        | 2 3 4 |  4.5
Evocations     | 1 3 |  3.0
Armour         | |  2.1

Action                   |  1- 3 |  4- 6 |  7- 9 || total
-------------------------+-------+-------+-------++-------
Melee: Short sword       |    89 |   169 |   148 ||   406
Throw: Throwing net      |     1 |     5 |     1 ||     7
Evoke: Wand              |       |       |    11 ||    11
  Use: Scroll            |     7 |     3 |     3 ||    13
       Potion            |     4 |     4 |     6 ||    14
 Stab: Petrifying        |     1 |       |     1 ||     2
       Held in net/web   |       |     3 |       ||     3
       Sleeping          |       |     6 |     2 ||     8
       Confused          |       |     1 |     1 ||     2
       Paralysed         |       |       |     2 ||     2
       Distracted        |       |       |     1 ||     1
  Eat: Pizza             |       |     2 |     2 ||     4
       Chunk             |       |     6 |    15 ||    21
Armor: Leather armour    |    18 |       |       ||    18
       Robe              |       |    12 |     7 ||    19
Dodge: Dodged            |    59 |    97 |    67 ||   223
